 Dungeon Crawl Stone Soup version 0.20.1-1-g8b1a95d (webtiles) character file.

1650903 ZippyMcGee the Conqueror (level 27, 236/273 HPs)
             Began as a Minotaur Berserker on Sept 8, 2017.
             Was the Champion of Trog.
             Escaped with the Orb
             ... and 3 runes on Oct 20, 2017!
             The game lasted 07:48:10 (76766 turns).

ZippyMcGee the Conqueror (Minotaur Berserker)      Turns: 76766, Time: 07:48:10

Health: 236/273    AC: 50    Str: 29    XL:     27
Magic:  29/29      EV: 36    Int:  8    God:    Trog [******]
Gold:   6091       SH: 21    Dex: 36    Spells: 26/26 levels left

rFire    + + .     SeeInvis .   j - +8 demon whip "Muwol" {vamp, rPois rF+}
rCold    + + +     Gourm    .   a - +2 shield of Resistance {rF+ rC+ MR+}
rNeg     + . .     Faith    +   H - +10 plate armour of Dumymm {rN+}
rPois    +         Spirit   .   (helmet restricted)
rElec    +         Reflect  .   Q - +1 cloak of Forking Paths {+Fly Str+4}
rCorr    .         Harm     .   m - +2 pair of gloves
MR       +++..                  B - +2 pair of boots
Stlth    ..........             M - amulet of Gerabb {Faith rC+ Dex+7}
Regen    0.6/turn               U - ring "Urotysto" {rElec rC+ Dex+7}
MPRegen  0.3/turn               E - ring "Qonesia" {AC+5 Int+2 Dex+2}

@: glowing
A: retaliatory headbutt, horns 2, talons 1, thin metallic scales 1, clever 1,
mutation resistance 1
0: Orb of Zot
}: 3/15 runes: barnacled, silver, gossamer
a: Berserk, Trog's Hand, Brothers in Arms, Burn Spellbooks, Renounce Religion,
Evoke Flight


You escaped.
You worshipped Trog.
Trog was exalted by your worship.
You were very hungry.

You visited 10 branches of the dungeon, and saw 50 of its levels.
You also visited: Bailey and Desolation.

You collected 7075 gold pieces.
You spent 984 gold pieces at shops.

Inventory:

Hand Weapons
 j - the +8 demon whip "Muwol" (weapon) {vamp, rPois rF+}
   (You found it on level 3 of the Depths)

   It inflicts no extra harm, but heals its wielder when it wounds a living foe.
   It protects you from fire.
   It protects you from poison.
Missiles
 I - 20 steel javelins (quivered)
Armour
 a - the +2 shield of Resistance (worn) {rF+ rC+ MR+}
   (You found it on level 10 of the Dungeon)

   It protects you from fire.
   It protects you from cold.
   It affects your resistance to hostile enchantments.
 m - a +2 pair of gloves (worn)
 B - a +2 pair of boots (worn)
 H - the +10 plate armour of Dumymm (worn) {rN+}
   (You found it on level 2 of the Realm of Zot)

   It protects you from negative energy.
 Q - the +1 cloak of Forking Paths (worn) {+Fly Str+4}
   (You found it on level 2 of the Realm of Zot)

   It affects your strength (+4).
   It lets you fly.
Jewellery
 E - the ring "Qonesia" (right hand) {AC+5 Int+2 Dex+2}
   (You took it off a merfolk on level 4 of the Shoals)

   [ring of protection]

   It affects your AC (+5).
   It affects your intelligence (+2).
   It affects your dexterity (+2).
 M - the amulet of Gerabb (around neck) {Faith rC+ Dex+7}
   (You bought it in a shop on level 1 of the Vaults)

   [amulet of faith]

   It allows you to gain divine favour quickly.
   It affects your dexterity (+7).
   It protects you from cold.
 U - the ring "Urotysto" (left hand) {rElec rC+ Dex+7}
   (You acquired it on level 15 of the Dungeon)

   [ring of protection from cold]

   It affects your dexterity (+7).
   It protects you from cold.
   It insulates you from electricity.
Wands
 b - a wand of lightning (1/15)
 c - a wand of iceblast (9/15)
 f - a wand of clouds (6/9)
 g - a wand of digging (13/24)
 n - a wand of acid (11/15)
 o - a wand of acid (6/15)
 u - a wand of iceblast (4/15)
 x - a wand of digging (9/24)
 z - a wand of acid (10/15)
 A - a wand of iceblast (6/15)
 C - a wand of paralysis (8/24)
 J - a wand of iceblast (6/15)
 K - a wand of lightning (4/15)
 O - a wand of iceblast (1/15)
 P - a wand of clouds (5/9)
 V - a wand of iceblast (14/15)
 Y - a wand of iceblast (6/15)
Scrolls
 h - 2 scrolls of blinking
 l - 8 scrolls of magic mapping
 r - 16 scrolls of teleportation
 s - 3 scrolls of fog
 t - 6 scrolls of fear
 D - 2 scrolls of holy word
 L - 26 scrolls of remove curse
 R - 2 scrolls of enchant weapon
 S - 3 scrolls of silence
Potions
 e - 7 potions of might
 i - 4 potions of heal wounds
 k - 9 potions of lignification
 q - 21 potions of curing
 w - 4 potions of resistance
 F - 6 potions of agility
 G - 4 potions of mutation
 N - 4 potions of haste
 T - 2 potions of cancellation
Miscellaneous
 d - a lamp of fire
 p - a fan of gales
 v - 3 phantom mirrors
 y - a lightning rod (3/4)
Comestibles
 W - 28 bread rations
 X - 11 meat rations
 Z - 27 royal jellies


   Skills:
 O Level 27 Fighting
 - Level 16.0 Maces & Flails
 - Level 11.5 Throwing
 O Level 27 Armour
 O Level 27 Dodging
 + Level 20.2 Shields
 + Level 10.0 Evocations


You had 26 spell levels left.
You didn't know any spells.

Dungeon Overview and Level Annotations

Branches:
Dungeon (15/15)            Temple (1/1) D:4            Lair (6/6) D:9
 Shoals (4/4) Lair:4       Spider (4/4) Lair:2        Slime (0/5) Lair:6
    Orc (2/2) D:12            Elf (3/3) Orc:2        Vaults (5/5) D:14
  Crypt (0/3) Vaults:3     Depths (5/5) D:15            Zot (5/5) Depths:5

Altars:
Ashenzari
Cheibriados
Fedhas
Gozag
Hepliaklqana
Kikubaaqudgha
Makhleb
Qazlal
Sif Muna
Trog
Vehumet
Xom
Zin

Shops:
D:7 ?   Orc:2 [(!}   Elf:1 }   Elf:2 !   Vaults:1 =   Depths:1 =*
Depths:3 (*%

Portals:
Hell: Depths:1 Depths:2 Depths:3 Depths:4 Depths:5
Abyss: Depths:4 Depths:5
Pandemonium: Depths:3 Depths:5
Ziggurat: Depths:2
Trove: Depths:2 (give 15 scrolls of teleportation)

Annotations:
D:10 1 runed door
Lair:3 exclusion: 3 oklob plants
Zot:5 exclusion: orange crystal statue


Innate Abilities, Weirdness & Mutations

You reflexively headbutt those who attack you in melee.
You have a pair of horns on your head.
You have sharp toenails.
You are partially covered in thin metallic scales. (AC +2)
Your mind is acute. (Int +2)
You are somewhat resistant to further mutation.


Message History

Your iron troll completely misses the seraph.
Your iron troll closely misses the seraph.
Your iron troll claws the seraph but does no damage.
The daeva blocks your stone giant's attack.
Your seraph hits the angel with a great sword of flaming!!!
Your seraph burns the angel.
Your seraph completely misses the angel.
The cherub shoots an arrow.
The arrow hits your iron troll!!
The arrow dissolves into sparkling lights!
The daeva hits your stone giant with a scimitar of holy wrath!!
The daeva hits your stone giant with a scimitar of holy wrath!
The cherub shoots a stone.
The stone completely misses you.
The stone dissolves into sparkling lights!
Your iron troll bites the seraph but does no damage.
Your iron troll barely misses the seraph.
Your iron troll claws the seraph but does no damage.
Your stone giant closely misses the daeva.
Send 'em back where they came from!
Trog shields your ally from puny magic! x4
You have escaped!

#≈≈≈..###...........##.##
#≈≈≈................##)#
#≈≈≈≈...............##.#
#≈≈≈..............####.#
#≈≈≈≈.............####.#
#≈≈≈≈≈...........##.[..#
#≈≈≈.≈...).......#######
#≈≈≈..≈..........#
#≈≈≈≈≈≈≈@.......##
#≈≈≈≈≈≈TACA.....#
#≈≈≈≈≈≈AA≈A.....##
#≈≈≈≈≈AA≈........#
≈≈≈≈≈≈≈≈.≈≈≈≈≈≈≈#
≈≈≈≈≈≈≈≈≈≈≈....≈#
≈≈≈≈≈≈≈≈≈≈≈≈≈≈≈≈#
≈≈≈≈≈≈≈≈≈≈≈≈≈≈≈≈#
##########


You could see a seraph, 2 daevas, an angel, 2 cherubim, a friendly seraph, a
friendly iron troll (berserk) and a friendly stone giant (berserk).

Vanquished Creatures
  3 ancient liches (Zot:5)
  Mara (Shoals:3)
  3 orbs of fire (Zot:5)
  A greater mummy (Depths:2)
  Bai Suzhen (Vaults:4)
  Saint Roka (Depths:1)
  A caustic shrike (shapeshifter) (Depths:5)
  A caustic shrike (Depths:3)
  Frederick (Vaults:4)
  A curse toe (Zot:5)
  9 golden dragons
  A bone dragon (Depths:5)
  Arachne (Spider:2)
  2 liches (Depths:4)
  2 electric golems
  A Tzitzimitl (Zot:5)
  Jorgrun (Spider:4)
  19 tentacled monstrosities
  The ghost of aubilenon the Unseen, a veteran SpEn of Dithmenos (Depths:2)
  27 Orb Guardians
  3 deep elf blademasters
  3 titans (Vaults:5)
  2 deep elf master archers (Elf:3)
  3 death cobs
  8 quicksilver dragons
  10 shadow dragons
  8 sphinxes
  15 storm dragons
  A storm dragon (shapeshifter) (Depths:4)
  10 tengu reavers
  Ilsuiw (Shoals:4)
  Kirke (Spider:4)
  Donald (Spider:4)
  12 draconian monks
  9 fire giants
  2 draconian knights
  9 frost giants
  An emperor scorpion (shapeshifter) (Vaults:5)
  13 vault wardens
  Louise (Shoals:2)
  The ghost of Gorgoleon the Warrior, a journeyman MiBe of Trog (Orc:2)
  11 deep elf sorcerers
  9 ghost moths
  5 draconian scorchers
  3 deep elf elementalists
  5 draconian stormcallers
  2 ghouls (Vaults:3)
  5 emperor scorpions (Spider:4)
  Aizul (Vaults:2)
  3 spriggan defenders
  The ghost of WindowMaker the Impaler, a journeyman MfSk of Hepliaklqana (Orc:2)
  14 ironheart preservers
  6 draconian shifters
  3 large abominations (Vaults:5)
  5 draconian annihilators
  34 very ugly things
  A war gargoyle (Vaults:5)
  22 stone giants
  Nessos (Lair:6)
  5 vampire knights
  4 deep elf demonologists
  3 entropy weavers
  10 yellow draconians
  9 deep elf annihilators
  7 white draconians
  8 red draconians
  12 purple draconians
  9 green draconians
  16 black draconians
  Azrael (D:12)
  8 spark wasps
  16 ettins
  6 deep elf death magi
  2 crystal guardians (Vaults:5)
  6 merfolk javelineers
  An ettin (shapeshifter) (Vaults:5)
  10 merfolk impalers
  17 fire dragons
  9 deep elf high priests
  5 great orbs of eyes
  11 ogre magi
  14 vault guards
  6 merfolk avatars
  A hell beast (Depths:3)
  7 hydras
  18 ice dragons
  4 catoblepae
  24 yaktaur captains
  5 spriggan air magi
  Erica (D:10)
  2 death knights
  12 centaur warriors
  4 rakshasas
  2 merfolk aquamancers
  25 dancing weapons
  An alligator (shapeshifter) (Vaults:5)
  26 two-headed ogres
  2 satyrs (Shoals:3)
  17 deep troll earth magi
  17 deep troll shamans
  An orc high priest (Orc:2)
  5 spriggan berserkers
  11 death yaks
  2 vampire magi
  5 tengu warriors
  5 death scarabs (Spider:4)
  4 spriggans
  12 hell knights
  35 deep elf knights
  A soul eater (Depths:3)
  A fire crab (Lair:3)
  A shadow wraith (Vaults:3)
  A skeletal warrior (Vaults:2)
  A salamander mystic (Depths:3)
  A sixfirhy (Zot:5)
  10 iron trolls
  3 unseen horrors (D:15)
  26 slime creatures
  A sea snake (shapeshifter) (Depths:3)
  14 deep elf archers
  36 deep trolls
  A flayed ghost (Depths:4)
  10 sea snakes
  3 glowing orange brains
  2 golden dragon zombies (Depths:2)
  An orange crystal statue (Zot:2)
  5 wizards
  2 wolf spider zombies
  15 ironbrand convokers
  2 phantasmal warriors
  A harpy (shapeshifter) (Vaults:4)
  A spectral wolf spider (Spider:4)
  8 harpies
  3 necromancers
  2 tengu zombies (Depths:2)
  An oklob plant (Lair:3)
  2 frost giant zombies
  10 fauns (Shoals:3)
  38 ugly things
  10 orc knights
  79 deep elf magi
  14 manticores
  2 salamanders (shapeshifter)
  19 orb spiders
  9 cyclopes
  3 salamanders (Depths:3)
  35 wolf spiders
  2 spriggan zombies (Depths:2)
  An elephant (shapeshifter) (Depths:5)
  6 orc sorcerers
  A stone giant skeleton (Vaults:1)
  33 elephants
  24 moths of wrath
  The ghost of felicette the Skirmisher, a novice MiFi (D:5)
  6 black mambas
  7 merfolk sirens
  2 smoke demons
  A human skeleton (Vaults:1)
  A black mamba (shapeshifter) (Depths:3)
  13 vault sentinels
  7 water nymphs
  2 gargoyles
  3 torpor snails
  15 spiny frogs
  2 spectral redbacks (Spider:4)
  91 yaktaurs
  A redback zombie (Spider:4)
  3 rime drakes
  3 ice devils
  8 freezing wraiths
  A spark wasp simulacrum (Depths:3)
  7 komodo dragons
  A tormentor (Depths:3)
  3 guardian mummies (Depths:2)
  A red devil (D:1)
  10 trolls
  A hellwing (Depths:3)
  15 demonic crawlers
  5 tengu conjurers
  A queen bee (Lair:4)
  A troll (shapeshifter) (Vaults:3)
  3 meliai (Lair:4)
  4 harpy zombies (Shoals:4)
  4 polar bears
  34 jumping spiders
  32 merfolk
  3 spectral tarantellas (Spider:4)
  A tengu simulacrum (Vaults:1)
  A polar bear (shapeshifter) (Vaults:5)
  Prince Ribbit (D:5)
  A wind drake (Shoals:2)
  3 saltlings (Elf:1)
  11 hornets
  3 spectral jumping spiders (Spider:4)
  2 ettin zombies (Depths:2)
  A raiju (shapeshifter) (Vaults:3)
  9 snapping turtles
  2 tarantella zombies (Spider:4)
  A blink frog (shapeshifter) (D:14)
  9 blink frogs
  11 dream sheep
  14 hippogriffs
  A jumping spider zombie (Spider:4)
  4 air elementals
  A redback (shapeshifter) (Depths:3)
  2 tarantellas (shapeshifter)
  A spriggan simulacrum (Depths:3)
  98 redbacks
  2 spriggans (shapeshifter)
  35 tarantellas
  A wraith (Vaults:1)
  8 wyverns
  20 water elementals
  2 humans (shapeshifter)
  58 yaks
  Grum (D:8)
  9 fire elementals
  9 hogs
  4 golden eyes (D:1)
  A human (D:7)
  2 basilisks
  A steam dragon (D:11)
  8 vampire mosquitoes
  5 wargs
  An ogre zombie (Vaults:1)
  A swamp worm (shapeshifter) (Depths:3)
  14 water moccasins
  A soldier ant (shapeshifter) (Vaults:3)
  A human zombie (Vaults:1)
  2 hell hounds
  A spectral hornet (Spider:4)
  2 acid dragons
  16 porcupines
  31 orc warriors
  2 hornet zombies
  4 sky beasts
  The ghost of Ghostpaw the Sneak, an amateur FeWz (D:4)
  A black bear (D:9)
  A black bear (shapeshifter) (Vaults:2)
  7 ice beasts
  A necrophage (D:15)
  2 phantoms
  An eye of draining (shapeshifter) (Vaults:3)
  A sky beast (shapeshifter) (Vaults:5)
  14 wolves
  18 ogres
  21 boggarts
  21 centaurs
  12 crocodiles
  A hippogriff zombie (Shoals:4)
  A big kobold (D:14)
  20 bullfrogs
  A bullfrog (shapeshifter) (Vaults:1)
  2 earth elementals
  4 wyvern skeletons
  A water moccasin zombie (D:7)
  2 scorpions
  A water moccasin skeleton (D:11)
  42 killer bees
  8 howler monkeys
  5 electric eels
  3 centaur zombies
  12 crimson imps
  4 bullfrog zombies
  2 quasits (D:13)
  19 orc priests
  5 jellies
  8 hounds
  2 bullfrog skeletons
  6 centaur skeletons
  An iguana (D:5)
  Terence (D:2)
  30 orc wizards
  12 worker ants
  Natasha (thrice) (D:4)
  A hound zombie (D:9)
  6 mummies (Depths:2)
  8 adders
  3 gnolls (D:2)
  5 shadow imps
  2 white imps (D:9)
  An ufetubus (D:9)
  An adder skeleton (D:4)
  2 worms
  An adder simulacrum (D:9)
  A dart slug (D:3)
  4 leopard geckos
  99 orcs
  3 ball pythons
  8 bats
  A bat zombie (Shoals:4)
  5 giant cockroaches
  2 goblins
  8 hobgoblins
  15 jackals
  11 kobolds
  A quokka (D:3)
  4 frilled lizards
  A quokka skeleton (D:4)
  15 rats
  A butterfly (D:5)
  2 crawling corpses
  4 plants
2430 creatures vanquished.

Vanquished Creatures (collateral kills)
  Boris (Vaults:2)
  A tentacled monstrosity (Depths:4)
  A lich (Depths:4)
  A storm dragon (Vaults:4)
  An orc warlord (Orc:1)
  A fire giant (Vaults:5)
  A ghost moth (Spider:4)
  2 deep elf sorcerers (Elf:3)
  A deep elf elementalist (Elf:3)
  4 vault wardens
  A draconian shifter (Zot:5)
  2 very ugly things (Vaults:4)
  2 stone giants (Vaults:5)
  A deep elf annihilator (Elf:3)
  An ettin (Vaults:5)
  A red draconian (Zot:5)
  2 deep elf death magi (Elf:3)
  3 merfolk impalers (Shoals:4)
  A yaktaur captain (Vaults:5)
  A deep elf high priest (Elf:3)
  A fire dragon (Vaults:3)
  2 ogre magi
  17 vault guards
  An ice dragon (D:10)
  2 centaur warriors
  3 dancing weapons
  3 death yaks (Lair:6)
  9 two-headed ogres
  A deep troll shaman (Depths:4)
  A merfolk aquamancer (Shoals:1)
  3 death scarabs (Spider:4)
  A deep troll earth mage (Depths:4)
  2 iron trolls (Depths:4)
  A deep elf knight (Vaults:3)
  A sea snake (Shoals:1)
  3 deep trolls
  5 orc knights
  A deep elf archer (Vaults:1)
  A spectral wolf spider (Spider:4)
  3 ironbrand convokers (Vaults:4)
  A deep elf mage (Elf:2)
  An ugly thing (Vaults:4)
  5 cyclopes
  4 wolf spiders
  3 orb spiders
  2 merfolk sirens (Shoals:4)
  A kobold demonologist (D:14)
  A spectral redback (Spider:4)
  18 yaktaurs
  2 demonic crawlers (Spider:4)
  A troll (D:9)
  A redback zombie (Spider:4)
  A tengu conjurer (D:14)
  3 jumping spiders
  A merfolk (Shoals:1)
  A hornet (Spider:2)
  A spectral tarantella (Spider:4)
  A jumping spider zombie (Spider:4)
  5 slime creatures
  7 redbacks (Spider:2)
  A tarantella (Spider:2)
  3 water elementals (Shoals:1)
  A wraith (Vaults:1)
  6 yaks (Lair:6)
  5 wargs
  A water moccasin (Lair:6)
  8 orc warriors
  A hornet zombie (Spider:4)
  9 ogres
  A wolf (D:9)
  4 centaurs (Vaults:1)
  A hippogriff zombie (Shoals:4)
  A hornet simulacrum (D:9)
  2 hounds (D:9)
  3 orc priests
  2 orc wizards
  A worker ant (D:14)
  19 orcs
  A goblin (Bailey)
  A crawling corpse (Vaults:5)
221 creatures vanquished.

Vanquished Creatures (others)
  Asterion (Vaults:2)
  A draconian knight (Depths:5)
  A satyr (Shoals:4)
  A deep elf knight (Vaults:3)
  2 shadow wraiths
  A deep elf archer (Vaults:1)
  A wizard (Depths:1)
  4 cyclopes
  2 fauns (Shoals:3)
  A moth of wrath (Zot:4)
  2 yaktaurs
  2 jumping spiders (Spider:2)
  A redback (Spider:3)
  2 humans (Spider:4)
  An adder (D:9)
  An orc (Vaults:4)
  26 fungi
  54 plants
104 creatures vanquished.

Grand Total: 2755 creatures vanquished

Notes
Turn   | Place    | Note
-------+----------+-------------------------------------------
     0 | D:1      | ZippyMcGee the Minotaur Berserker began the quest for the Orb.
     0 | D:1      | Reached XP level 1. HP: 19/19 MP: 0/0
   280 | D:1      | Reached XP level 2. HP: 26/26 MP: 1/1
   720 | D:2      | Reached skill level 5 in Maces & Flails
   720 | D:2      | Reached XP level 3. HP: 25/31 MP: 2/2
  1113 | D:2      | Reached ** piety under Trog
  1212 | D:2      | Noticed Terence
  1230 | D:2      | Killed Terence
  1230 | D:2      | Reached XP level 4. HP: 21/39 MP: 3/3
  1584 | D:2      | Found an opulent altar of Gozag.
  1811 | D:3      | Found a snail-covered altar of Cheibriados.
  1981 | D:3      | Reached XP level 5. HP: 11/45 MP: 4/4
  2749 | D:3      | Reached XP level 6. HP: 51/51 MP: 5/5
  3094 | D:4      | Noticed a yak
  3107 | D:4      | Killed a yak
  3114 | D:4      | Noticed a yak
  3116 | D:4      | Noticed a yak
  3124 | D:4      | Noticed Natasha
  3127 | D:4      | Noticed Ghostpaw's ghost (amateur FeWz)
  3157 | D:4      | Killed Natasha
  3166 | D:4      | Killed a yak
  3166 | D:4      | Reached XP level 7. HP: 57/57 MP: 6/6
  3170 | D:4      | Killed a yak
  3170 | D:4      | Reached skill level 10 in Maces & Flails
  3275 | D:4      | Found a staircase to the Ecumenical Temple.
  3281 | Temple   | Entered the Ecumenical Temple
  3329 | D:4      | Killed Ghostpaw's ghost
  3409 | D:4      | Reached *** piety under Trog
  3603 | D:4      | Noticed Natasha
  3611 | D:4      | Killed Natasha
  4020 | D:4      | Reached XP level 8. HP: 39/64 MP: 7/7
  4087 | D:4      | Noticed Natasha
  4456 | D:4      | Found a glowing silver altar of Zin.
  4473 | D:4      | Killed Natasha
  4489 | D:5      | Entered Level 5 of the Dungeon
  4530 | D:5      | Got a steaming whip
  4531 | D:5      | Identified the +9 whip of Fragile Peace {slash, rF+} (You found it on level 5 of the Dungeon)
  4553 | D:5      | Reached skill level 1 in Shields
  4667 | D:5      | Noticed felicette's ghost (novice MiFi)
  4712 | D:5      | Killed felicette's ghost
  4712 | D:5      | Reached skill level 5 in Shields
  4916 | D:5      | Got a shimmering leather armour
  4927 | D:5      | Identified the +1 leather armour of Cocytus {rN+ MR+ Stlth+} (You took it off an orc on level 5 of the Dungeon)
  5007 | D:5      | Noticed Prince Ribbit
  5021 | D:5      | Killed Prince Ribbit
  5030 | D:5      | Reached skill level 5 in Armour
  5044 | D:5      | Reached XP level 9. HP: 34/71 MP: 8/8
  5294 | D:5      | Found a shimmering altar of Xom.
  5425 | D:6      | Reached **** piety under Trog
  5435 | D:6      | Found a stormy altar of Qazlal.
  5521 | D:6      | Reached skill level 1 in Evocations
  5612 | D:6      | Found a blossoming altar of Fedhas.
  5881 | D:7      | Noticed a moth of wrath
  5883 | D:7      | Found a bloodstained altar of Trog.
  6053 | D:7      | Found Neinyso's Magic Scroll Boutique.
  6057 | D:7      | Bought a scroll of magic mapping for 49 gold pieces
  6057 | D:7      | Bought a scroll of teleportation for 42 gold pieces
  6094 | D:7      | Found a radiant altar of Vehumet.
  6109 | D:7      | Found a hazy altar of Hepliaklqana.
  6116 | D:7      | Found a shattered altar of Ashenzari.
  6121 | D:7      | Found a deep blue altar of Sif Muna.
  6557 | D:7      | Reached skill level 5 in Evocations
  7095 | D:8      | Reached XP level 10. HP: 80/80 MP: 14/14
  7275 | D:8      | Reached skill level 5 in Fighting
  7487 | D:8      | Noticed Grum
  7514 | D:8      | Killed Grum
  7834 | D:8      | Got a black opal-studded scale mail
  7845 | D:8      | Identified the cursed +1 scale mail of the Gravedigger {rN+ Slay+3} (You found it on level 8 of the Dungeon)
  7913 | D:8      | Got a pitted long sword {freeze}
  7914 | D:8      | Identified the +3 long sword "Kyoxzodi" {freeze, rC+} (You took it off a crimson imp on level 8 of the Dungeon)
  7936 | D:8      | Noticed a two-headed ogre
  7961 | D:8      | Killed a two-headed ogre
  8119 | D:9      | Noticed a two-headed ogre
  8130 | D:9      | Killed a two-headed ogre
  8130 | D:9      | Reached skill level 10 in Fighting
  8238 | D:9      | Reached ***** piety under Trog
  8240 | D:9      | Noticed a death yak
  8263 | D:9      | Killed a death yak
  8429 | D:9      | Received a gift from Trog
  8474 | D:9      | Reached XP level 11. HP: 41/104 MP: 4/15
  8948 | D:9      | Found a staircase to the Lair.
  9519 | Lair:1   | Entered Level 1 of the Lair of Beasts
 10693 | Lair:2   | Found a blossoming altar of Fedhas.
 10693 | Lair:2   | Noticed a death yak
 10693 | Lair:2   | Noticed a death yak
 10693 | Lair:2   | Noticed a death yak
 10730 | Lair:2   | Reached skill level 15 in Fighting
 11002 | Lair:2   | Identified the Grimoire of Freezing Heat
 11512 | Lair:2   | Reached XP level 12. HP: 112/122 MP: 16/16
 11641 | Lair:2   | Received a gift from Trog
 11666 | Lair:2   | Noticed a death yak
 11676 | Lair:2   | Killed a death yak
 11712 | Lair:1   | Killed a death yak
 11717 | Lair:1   | Killed a death yak
 12021 | Lair:2   | Found a hole to the Spider Nest.
 13716 | Lair:3   | Noticed an eight-headed hydra
 13725 | Lair:3   | Killed an eight-headed hydra
 13725 | Lair:3   | Reached skill level 10 in Armour
 13936 | Lair:3   | Noticed an eight-headed hydra
 13949 | Lair:3   | Killed an eight-headed hydra
 14069 | Lair:2   | Killed a death yak
 14590 | D:10     | Entered Level 10 of the Dungeon
 14590 | D:10     | Noticed Erica
 14598 | D:10     | Killed Erica
 14687 | D:10     | Reached XP level 13. HP: 130/130 MP: 17/17
 14790 | D:10     | Found a runed door.
 14791 | D:10     | Noticed a fire dragon
 14792 | D:10     | Noticed a fire dragon
 14797 | D:10     | Found a runed door.
 14926 | D:10     | Got a brightly glowing scale mail
 14938 | D:10     | Identified the +2 scale mail of the Lute {Int+3} (You found it on level 10 of the Dungeon)
 14974 | D:10     | Got a warped war axe
 14975 | D:10     | Identified the +1 war axe "Jeplun" {speed, -Tele +Fly Dex+4 SInv} (You found it on level 10 of the Dungeon)
 15354 | D:10     | Found a shattered altar of Ashenzari.
 15359 | D:10     | Identified the Grimoire of the Guilds
 15601 | D:10     | Killed a fire dragon
 15609 | D:10     | Killed a fire dragon
 16416 | Lair:4   | Got a polished chain mail
 16447 | Lair:4   | Identified the +4 chain mail "Xitoqius" {rF- Str+5 Stlth+} (You found it on level 4 of the Lair of Beasts)
 16508 | Lair:4   | Received a gift from Trog
 16915 | Lair:4   | Reached skill level 10 in Shields
 17760 | Lair:4   | Reached XP level 14. HP: 138/138 MP: 19/19
 18283 | Lair:4   | Found a staircase to the Shoals.
 18430 | Lair:5   | Found a shimmering altar of Xom.
 18460 | Lair:5   | Reached ****** piety under Trog
 18460 | Lair:5   | Received a gift from Trog
 19193 | Lair:5   | Gained mutation: Your flesh is cold resistant. (rC+) [potion of mutation]
 19193 | Lair:5   | Gained mutation: You are robust. (+10% HP) [potion of mutation]
 19193 | Lair:5   | Gained mutation: Your spells are a little harder to cast, but a little more powerful. [potion of mutation]
 19193 | Lair:5   | Gained mutation: You are partially covered in large bone plates. (SH +4) [potion of mutation]
 20503 | Lair:6   | Entered Level 6 of the Lair of Beasts
 20950 | Lair:6   | Reached skill level 15 in Armour
 21586 | Lair:6   | Found a staircase to the Slime Pits.
 21775 | Lair:6   | Noticed Nessos
 21782 | Lair:6   | Killed Nessos
 22563 | Lair:6   | Reached XP level 15. HP: 135/161 MP: 20/20
 22652 | Lair:6   | Got a dazzling demon whip
 22653 | Lair:6   | Identified the +1 demon whip "Guof" {venom, rPois Int+3} (You found it on level 6 of the Lair of Beasts)
 23014 | D:11     | Received a gift from Trog
 23368 | D:11     | Identified a scroll of acquirement
 23802 | D:12     | Found a flagged portal.
 23811 | Bailey   | Entered a bailey
 23895 | Bailey   | Found a burning altar of Makhleb.
 24205 | D:12     | Noticed Azrael
 24239 | D:12     | Killed Azrael
 24794 | D:12     | Found a staircase to the Orcish Mines.
 24823 | D:12     | Reached skill level 5 in Dodging
 25263 | Orc:1    | Entered Level 1 of the Orcish Mines
 25836 | Orc:1    | Noticed an orc warlord
 25851 | Orc:1    | Killed an orc warlord
 26038 | Orc:1    | Found a radiant altar of Vehumet.
 26183 | Orc:2    | Entered Level 2 of the Orcish Mines
 26183 | Orc:2    | Noticed WindowMaker's ghost (journeyman MfSk)
 26457 | Orc:2    | Found a staircase to the Elven Halls.
 26557 | Orc:2    | Noticed Gorgoleon's ghost (journeyman MiBe)
 26586 | Orc:2    | Killed Gorgoleon's ghost
 26799 | Orc:2    | Killed WindowMaker's ghost
 27011 | Orc:2    | Received a gift from Trog
 27014 | Orc:2    | Got a scorched dire flail {god gift}
 27020 | Orc:2    | Identified the +3 dire flail of Goblin's Curse {crush, -Tele rElec rPois rC+} (Trog gifted it to you on level 2 of the Orcish Mines)
 27360 | Orc:2    | Found Puemike's Gadget Shoppe.
 27360 | Orc:2    | Found Miph's Armour Emporium.
 27360 | Orc:2    | Found Guam's Distillery.
 27380 | Orc:2    | Found Muawaduh's Weapon Emporium.
 27754 | D:13     | Received a gift from Trog
 28172 | D:14     | Found a gate to the Vaults.
 28426 | D:14     | Got a wavering granite ring
 28428 | D:14     | Lost intelligence.
 28428 | D:14     | Identified the ring of Viteha {+Inv rC- Str+8 Int-4 Slay+3} (You acquired it on level 14 of the Dungeon)
 28799 | D:14     | Reached skill level 15 in Shields
 28949 | D:14     | Received a gift from Trog
 29269 | D:15     | Entered Level 15 of the Dungeon
 29767 | D:15     | Reached XP level 16. HP: 134/170 MP: 22/22
 30205 | D:15     | Got an ancient wooden ring
 30207 | D:15     | Identified the ring "Urotysto" {rElec rC+ Dex+7} (You acquired it on level 15 of the Dungeon)
 30300 | D:15     | Found a staircase to the Depths.
 30584 | Elf:1    | Entered Level 1 of the Elven Halls
 30649 | Elf:1    | Found a radiant altar of Vehumet.
 30674 | Elf:1    | Received a gift from Trog
 30739 | Elf:1    | Got a smoking mace {god gift}
 30740 | Elf:1    | Identified the +10 mace "Xallejil" {venom, rC+} (Trog gifted it to you on level 1 of the Elven Halls)
 31109 | Elf:1    | Found a ruined gateway.
 31138 | Desolati | Entered the Desolation of Salt
 31143 | Desolati | Noticed Devour's ghost (adept GrFi)
 31744 | Elf:1    | Received a gift from Trog
 31823 | Elf:1    | Found Gouf's Gadget Boutique.
 32509 | Elf:2    | Found Zihis Kagi's Distillery.
 32587 | Elf:2    | Found a runed gate.
 32588 | Elf:2    | Found a runed gate.
 32593 | Elf:2    | Found a runed gate.
 33148 | Elf:2    | Noticed a deep elf blademaster
 33181 | Elf:2    | Killed a deep elf blademaster
 33182 | Elf:2    | Received a gift from Trog
 33474 | Elf:2    | Reached XP level 17. HP: 134/187 MP: 23/23
 34798 | Elf:3    | Entered Level 3 of the Elven Halls
 36165 | Elf:3    | Received a gift from Trog
 36167 | Elf:3    | Noticed a deep elf blademaster
 36186 | Elf:3    | Killed a deep elf blademaster
 36189 | Elf:3    | Noticed an Ice Fiend
 36218 | Elf:3    | Noticed a deep elf master archer
 36219 | Elf:3    | Noticed a Hell Sentinel
 36224 | Elf:3    | Gained mutation: Your flesh is very cold resistant. (rC++) [a cacodemon]
 36996 | Elf:3    | Killed a deep elf master archer
 37468 | Elf:3    | Noticed a deep elf blademaster
 37490 | Elf:3    | Killed a deep elf blademaster
 37695 | Elf:3    | Noticed a deep elf master archer
 37695 | Elf:3    | Received a gift from Trog
 37704 | Elf:3    | Killed a deep elf master archer
 37704 | Elf:3    | Reached XP level 18. HP: 143/195 MP: 24/24
 37724 | Elf:3    | Got a glittering wooden ring
 37879 | Elf:3    | Identified the ring "Neuhisar" {rC++ rN++ MR+ Dex-5} (You took it off a deep elf death mage on level 3 of the Elven Halls)
 37890 | Elf:3    | Got a heavily runed shield
 37901 | Elf:3    | Identified the cursed -4 shield "Uliut" {+Inv rCorr Str-5 Int+9} (You took it off a deep elf death mage on level 3 of the Elven Halls)
 37933 | Elf:3    | Got a transparent scimitar {drain}
 37952 | Elf:3    | Got a twisted mace {crush}
 37961 | Elf:3    | Identified the +11 scimitar "Sievali" {drain, -Tele rPois Dex+5} (You took it off a deep elf sorcerer on level 3 of the Elven Halls)
 37965 | Elf:3    | Identified the +1 mace of the Neverending Eyes {crush, +Inv rPois rC- Dex+2} (You took it off a deep elf annihilator on level 3 of the Elven Halls)
 38734 | Spider:1 | Entered Level 1 of the Spider Nest
 38945 | Spider:1 | Received a gift from Trog
 39104 | Spider:1 | You fall through a shaft!
 39155 | Spider:2 | Noticed Arachne
 39156 | Spider:2 | Reached skill level 10 in Evocations
 39497 | Spider:2 | Killed Arachne
 40602 | Spider:3 | Received a gift from Trog
 40638 | Spider:3 | Reached skill level 1 in Throwing
 41278 | Spider:3 | Received a gift from Trog
 41279 | Spider:3 | Reached skill level 5 in Throwing
 41570 | Spider:4 | Entered Level 4 of the Spider Nest
 41585 | Spider:4 | Noticed Kirke
 41600 | Spider:4 | Noticed Donald
 41610 | Spider:4 | Killed Kirke
 41620 | Spider:4 | Killed Donald
 41841 | Spider:4 | Reached XP level 19. HP: 194/209 MP: 25/25
 41880 | Spider:4 | Noticed Jorgrun
 41889 | Spider:4 | Killed Jorgrun
 42761 | Spider:4 | Received a gift from Trog
 43455 | Spider:4 | Reached skill level 10 in Throwing
 43941 | Spider:4 | Got a gossamer rune of Zot
 44078 | Spider:4 | Received a gift from Trog
 44645 | Shoals:1 | Entered Level 1 of the Shoals
 46575 | Shoals:2 | Noticed Louise
 46595 | Shoals:2 | Killed Louise
 47440 | Shoals:3 | Received a gift from Trog
 47463 | Shoals:3 | Got a dazzling morningstar {god gift}
 47464 | Shoals:3 | Identified the +4 morningstar of Garghufo {holy, Str+5 Int-2 Dex+3} (Trog gifted it to you on level 3 of the Shoals)
 47725 | Shoals:3 | Noticed Mara
 47732 | Shoals:3 | Noticed ZippyMcGee's illusion
 47741 | Shoals:3 | Killed Mara
 47741 | Shoals:3 | Reached XP level 20. HP: 220/220 MP: 26/26
 48078 | Shoals:4 | Entered Level 4 of the Shoals
 48364 | Shoals:4 | Got a sparkling bronze ring
 48368 | Shoals:4 | Identified the ring "Qonesia" {AC+5 Int+2 Dex+2} (You took it off a merfolk on level 4 of the Shoals)
 48465 | Shoals:4 | Received a gift from Trog
 48621 | Shoals:4 | Reached skill level 15 in Maces & Flails
 48677 | Shoals:4 | Noticed Ilsuiw
 48934 | Shoals:4 | Killed Ilsuiw
 49358 | Shoals:4 | Received a gift from Trog
 49886 | Shoals:4 | Got a barnacled rune of Zot
 50148 | Vaults:1 | Entered Level 1 of the Vaults
 50579 | Vaults:1 | Found Futyb's Jewellery Shop.
 50598 | Vaults:1 | Received a gift from Trog
 50614 | Vaults:1 | Bought the amulet of Gerabb {Faith rC+ Dex+7} for 893 gold pieces
 51012 | Vaults:1 | Received a gift from Trog
 51524 | Vaults:1 | Received a gift from Trog
 51539 | Vaults:1 | Received a gift from Trog
 52503 | Vaults:1 | Reached XP level 21. HP: 220/235 MP: 27/27
 52731 | Vaults:2 | Noticed Aizul
 52743 | Vaults:2 | Killed Aizul
 53198 | Vaults:2 | Received a gift from Trog
 53468 | Vaults:2 | Noticed Asterion
 53486 | Vaults:2 | Killed Asterion
 53782 | Vaults:2 | Received a gift from Trog
 53901 | Vaults:2 | Noticed Boris
 53933 | Vaults:2 | Killed Boris
 53933 | Vaults:2 | Received a gift from Trog
 54553 | Vaults:3 | Found a staircase to the Crypt.
 55368 | Vaults:3 | Received a gift from Trog
 55525 | Vaults:3 | Received a gift from Trog
 55912 | Vaults:3 | Received a gift from Trog
 56692 | Vaults:4 | Received a gift from Trog
 56875 | Vaults:4 | Received a gift from Trog
 57482 | Vaults:4 | Received a gift from Trog
 57484 | Vaults:4 | Reached XP level 22. HP: 254/254 MP: 28/28
 57509 | Vaults:4 | Received a gift from Trog
 57670 | Vaults:4 | Reached skill level 27 in Fighting
 57899 | Vaults:4 | Noticed Bai Suzhen
 57917 | Vaults:4 | Killed Bai Suzhen
 57931 | Vaults:4 | Noticed Frederick
 57981 | Vaults:4 | Killed Frederick
 58686 | Vaults:5 | Entered Level 5 of the Vaults
 58735 | Vaults:5 | Received a gift from Trog
 58776 | Vaults:5 | Received a gift from Trog
 59203 | Vaults:5 | Received a gift from Trog
 59252 | Vaults:5 | Got an uncursed smoking battleaxe {speed}
 59524 | Vaults:5 | Identified the +9 battleaxe "Meqy" {speed, *Drain rPois Int+2} (You took it off a deep elf high priest on level 5 of the Vaults)
 60341 | Vaults:5 | Received a gift from Trog
 60529 | Vaults:5 | Reached XP level 23. HP: 174/264 MP: 29/29
 61083 | Vaults:5 | Reached skill level 10 in Dodging
 61090 | Vaults:5 | Received a gift from Trog
 61178 | Vaults:5 | Got a polished war axe {freeze}
 61179 | Vaults:5 | Identified the +3 war axe of the Dark Horse {freeze, rF+ Str+3 Int-5 SInv} (You took it off a deep elf sorcerer on level 5 of the Vaults)
 61604 | Vaults:5 | Got a silver rune of Zot
 62103 | Vaults:1 | Received a gift from Trog
 62349 | Depths:1 | Entered Level 1 of the Depths
 62354 | Depths:1 | Noticed Saint Roka
 62556 | Depths:1 | Killed Saint Roka
 62675 | Depths:1 | Received a gift from Trog
 62816 | Depths:1 | Found Sioc's Jewellery Shoppe.
 62825 | Depths:1 | Found Cuceuliag's General Store.
 62980 | Depths:1 | Received a gift from Trog
 63183 | Depths:1 | Found a shattered altar of Ashenzari.
 63285 | Depths:1 | Received a gift from Trog
 63367 | Depths:1 | Found a gateway to Hell.
 63379 | Depths:1 | Reached skill level 15 in Dodging
 63649 | Depths:1 | Received a gift from Trog
 64426 | Depths:2 | Reached XP level 24. HP: 270/271 MP: 29/29
 64451 | Depths:2 | Noticed a greater mummy
 64459 | Depths:2 | Killed a greater mummy
 65087 | Depths:2 | Found a gateway to a ziggurat.
 65141 | Depths:2 | Received a gift from Trog
 65863 | Depths:2 | Found a portal to a secret trove of treasure.
 66084 | Depths:2 | Noticed aubilenon's ghost (veteran SpEn)
 66105 | Depths:2 | Killed aubilenon's ghost
 66631 | Depths:3 | Found Wiph's Antique Weapon Shop.
 67097 | Depths:3 | Received a gift from Trog
 67105 | Depths:3 | Got an ancient demon whip
 67117 | Depths:3 | Identified the +8 demon whip "Muwol" {vamp, rPois rF+} (You found it on level 3 of the Depths)
 67422 | Depths:3 | Received a gift from Trog
 67759 | Depths:3 | Got a heavily runed scale mail
 67770 | Depths:3 | Identified the cursed +0 scale mail of Beauty {rPois Int+5 Slay+3 Stlth+} (You found it on level 3 of the Depths)
 67959 | Depths:3 | Found Utotzuz's Food Boutique.
 67963 | Depths:3 | Found Ytamewk's Assorted Antiques.
 68024 | Depths:3 | Received a gift from Trog
 68447 | Depths:3 | Found a one-way gate leading to the halls of Pandemonium.
 68537 | Depths:4 | Received a gift from Trog
 68575 | Depths:4 | Reached XP level 25. HP: 163/282 MP: 29/29
 69074 | Depths:4 | Received a gift from Trog
 69257 | Depths:4 | Found a one-way gate to the infinite horrors of the Abyss.
 69490 | Depths:5 | Entered Level 5 of the Depths
 69663 | Depths:5 | Found a gate to the Realm of Zot.
 69863 | Depths:5 | Received a gift from Trog
 70457 | Depths:5 | Reached skill level 27 in Armour
 70981 | Zot:1    | Entered Level 1 of the Realm of Zot
 71479 | Zot:1    | Received a gift from Trog
 71712 | Zot:1    | Received a gift from Trog
 71718 | Zot:1    | Reached XP level 26. HP: 292/292 MP: 29/29
 71950 | Zot:2    | Received a gift from Trog
 72051 | Zot:2    | Found a transporter.
 72081 | Zot:2    | Found a transporter.
 72141 | Zot:2    | Identified Further Steps in the Arcane Arts
 72153 | Zot:2    | Got a smoking plate armour
 72155 | Zot:2    | Got a twisted cloak
 72166 | Zot:2    | Identified the +1 cloak of Forking Paths {+Fly Str+4} (You found it on level 2 of the Realm of Zot)
 72177 | Zot:2    | Identified the +10 plate armour of Dumymm {rN+} (You found it on level 2 of the Realm of Zot)
 72828 | Zot:2    | Received a gift from Trog
 74147 | Zot:4    | Received a gift from Trog
 74289 | Zot:4    | Reached XP level 27. HP: 248/300 MP: 29/29
 74359 | Zot:5    | Entered Level 5 of the Realm of Zot
 74498 | Zot:5    | Noticed an orb of fire
 74546 | Zot:5    | Killed an orb of fire
 74993 | Zot:5    | Noticed an ancient lich
 75009 | Zot:5    | Noticed an ancient lich
 75013 | Zot:5    | Killed an ancient lich
 75013 | Zot:5    | Reached skill level 27 in Dodging
 75025 | Zot:5    | Noticed an ancient lich
 75035 | Zot:5    | Killed an ancient lich
 75043 | Zot:5    | Noticed an orb of fire
 75058 | Zot:5    | Killed an ancient lich
 75064 | Zot:5    | Gained mutation: Your body sometimes deteriorates upon taking damage. [an orb of fire]
 75070 | Zot:5    | Gained mutation: Your magical capacity is low. (-10% MP) [an orb of fire]
 75085 | Zot:5    | Killed an orb of fire
 75101 | Zot:5    | Lost mutation: Your body sometimes deteriorates upon taking damage. [potion of mutation]
 75101 | Zot:5    | Lost mutation: Your magical capacity is low. (-10% MP) [potion of mutation]
 75101 | Zot:5    | Gained mutation: You have large cloven feet. [potion of mutation]
 75468 | Zot:5    | Noticed an orb of fire
 75470 | Zot:5    | Lost mutation: Your spells are a little harder to cast, but a little more powerful. [an orb of fire]
 75478 | Zot:5    | Gained mutation: You tend to lose your temper in combat. [an orb of fire]
 75484 | Zot:5    | Gained mutation: You often lose your temper in combat. [an orb of fire]
 75489 | Zot:5    | Killed an orb of fire
 75569 | Zot:5    | Received a gift from Trog
 75825 | Zot:5    | Lost mutation: Your flesh is very cold resistant. (rC++) [potion of mutation]
 75825 | Zot:5    | Lost mutation: You have large cloven feet. [potion of mutation]
 75825 | Zot:5    | Lost mutation: You often lose your temper in combat. [potion of mutation]
 75825 | Zot:5    | Gained mutation: You are clumsy. (Dex -2) [potion of mutation]
 75825 | Zot:5    | Gained mutation: You are partially covered in thin metallic scales. (AC +2) [potion of mutation]
 75826 | Zot:5    | Lost mutation: Your flesh is cold resistant. (rC+) [potion of mutation]
 75826 | Zot:5    | Lost mutation: You tend to lose your temper in combat. [potion of mutation]
 75826 | Zot:5    | Lost mutation: You are clumsy. (Dex -2) [potion of mutation]
 75826 | Zot:5    | Lost mutation: You are partially covered in large bone plates. (SH +4) [potion of mutation]
 75826 | Zot:5    | Lost mutation: You are robust. (+10% HP) [potion of mutation]
 75826 | Zot:5    | Gained mutation: You are somewhat resistant to further mutation. [potion of mutation]
 75826 | Zot:5    | Gained mutation: Your mind is acute. (Int +2) [potion of mutation]
 75826 | Zot:5    | Gained mutation: You have sharp toenails. [potion of mutation]
 75831 | Zot:5    | Got the Orb of Zot
 75970 | Zot:2    | Noticed a seraph
 76754 | D:1      | Noticed a seraph
 76766 | D:$      | Escaped with the Orb!

Skill      XL: |  1  2  3  4  5  6  7  8  9 10 11 12 13 14 15 16 17 18 19 20 21 22 23 24 25 26 27 |
---------------+----------------------------------------------------------------------------------+-----
Maces & Flails | 4 5 6 7 8 9 11 12 13 16 | 16.0
Shields        | 5 12 15 20 | 20.2
Fighting       | 4 11 15 16 17 20 21 22 24 26 27 | 27.0
Armour         | 5 6 12 13 16 17 18 21 22 25 27 | 27.0
Evocations     | 7 8 9 10 | 10.0
Dodging        | 5 6 8 16 20 22 26 27 | 27.0
Throwing       | 6 11 | 11.5

Action                   |  1- 3 |  4- 6 |  7- 9 | 10-12 | 13-15 | 16-18 | 19-21 | 22-24 | 25-27 || total
-------------------------+-------+-------+-------+-------+-------+-------+-------+-------+-------++-------
Melee: Mace              |    47 |    96 |    61 |       |       |   141 |   685 |       |       ||  1030
       Headbutt          |     4 |    17 |    40 |   118 |   564 |   603 |   900 |   926 |  1058 ||  4230
       Whip              |       |       |   173 |   481 |  1796 |  1620 |       |       |       ||  4070
       Demon whip        |       |       |       |       |   113 |       |  1468 |  1077 |  2366 ||  5024
       Eveningstar       |       |       |       |       |       |       |   140 |       |       ||   140
       Morningstar       |       |       |       |       |       |       |     8 |   880 |       ||   888
Throw: Javelin           |       |       |       |       |       |     1 |    27 |     3 |       ||    31
Invok: Berserk           |     3 |     1 |     4 |    10 |    19 |    18 |     9 |    10 |     2 ||    76
       Brothers in Arms  |       |       |       |     1 |    11 |    10 |    20 |    18 |     6 ||    66
       Trog's Hand       |       |       |       |       |     1 |     5 |     3 |     6 |     1 ||    16
       Burn Spellbooks   |       |       |       |       |       |       |     1 |       |       ||     1
 Abil: Evoke Flight      |       |       |       |       |       |       |     2 |       |       ||     2
       Stop Flying       |       |       |       |       |       |       |     1 |       |       ||     1
Evoke: Wand              |       |       |       |    24 |    10 |     5 |    24 |    13 |     7 ||    83
       Box of beasts     |       |       |       |       |       |       |       |    15 |       ||    15
       Lightning rod     |       |       |       |       |       |       |       |     4 |     1 ||     5
       Phantom mirror    |       |       |       |       |       |       |       |     2 |     1 ||     3
  Use: Scroll            |       |       |     9 |    10 |    17 |    17 |    16 |     6 |     9 ||    84
       Potion            |       |       |       |     3 |     7 |     3 |     7 |     6 |     9 ||    35
 Stab: Sleeping          |       |     1 |     3 |     3 |       |       |       |       |       ||     7
       Distracted        |       |       |       |       |     3 |       |     4 |     8 |     2 ||    17
       Petrified         |       |       |       |       |     6 |       |       |       |       ||     6
       Confused          |       |       |       |       |       |       |       |       |     1 ||     1
       Paralysed         |       |       |       |       |       |       |       |       |     1 ||     1
  Eat: Chunk             |     3 |     7 |    16 |    47 |    71 |    60 |    53 |    32 |     3 ||   292
       Fruit             |       |       |       |       |       |       |    17 |    22 |     6 ||    45
       Royal jelly       |       |       |       |       |       |       |     1 |     1 |       ||     2
       Meat ration       |       |       |       |       |       |       |       |     3 |     4 ||     7
Armor: Animal skin       |    11 |    22 |       |       |       |       |       |       |       ||    33
       Ring mail         |       |    19 |    25 |       |       |       |       |       |       ||    44
       Leather armour    |       |       |    15 |     4 |       |       |       |       |       ||    19
       Scale mail        |       |       |       |   130 |    24 |       |       |       |       ||   154
       Chain mail        |       |       |       |       |    93 |       |       |       |       ||    93
       Storm dragon scal |       |       |       |       |   208 |       |       |       |       ||   208
       Plate armour      |       |       |       |       |   126 |   480 |   769 |   450 |   475 ||  2300
Dodge: Dodged            |    42 |    52 |    62 |   154 |   299 |   328 |   507 |   797 |  1160 ||  3401
       Deflected         |       |       |       |       |       |       |    29 |    56 |    13 ||    98
Block: Buckler           |       |     3 |    17 |    68 |     9 |       |       |       |       ||    97
       Shield            |       |       |       |       |   996 |  1265 |  2105 |  1723 |  1632 ||  7721
       Reflection        |       |       |       |       |       |     6 |   109 |       |       ||   115
